 Dungeon Crawl Stone Soup version 0.28-a0-1159-g27aa881441 (webtiles) character file.

Game seed: 12865235732495710733

746 ducksouse the Covered (level 7, -2/61 HPs)
             Began as a Minotaur Fighter on Dec 15, 2021.
             Killed from afar by an acid dragon (27 damage)
             ... with a splash of acid
             ... on level 5 of the Dungeon.
             The game lasted 00:07:56 (3964 turns).

ducksouse the Covered (Minotaur Fighter)            Turns: 3964, Time: 00:07:57

Health: -2/61      AC:  3    Str: 27    XL:     7   Next: 48%
Magic:  6/6        EV: 11    Int:  5    God:
Gold:   148        SH:  5    Dex: 11    Spells: 6/6 levels left

rFire   . . .      SeeInvis .   a - +0 long sword
rCold   . . .      Faith    .   c - +0 buckler
rNeg    . . .      Spirit   .   b - +0 scale mail
rPois   .          Reflect  .   (helmet restricted)
rElec   .          Harm     .   (no cloak)
rCorr   .          Rampage  .   (no gloves)
Will    .....                   (no boots)
Stlth   ..........              (no amulet)
HPRegen 0.20/turn               d - +6 ring of strength
MPRegen 0.10/turn               (no ring)

@: corroded
A: horns 2, retaliatory headbutt
a: no special abilities


You were on level 5 of the Dungeon.
You visited 1 branch of the dungeon, and saw 5 of its levels.

You collected 148 gold pieces.

Inventory:

Hand Weapons
 a - a +0 long sword (weapon)
 q - a +1 dagger of venom
Missiles
 r - 3 silver boomerangs (quivered)
Armour
 b - a +0 scale mail (worn)
 c - a +0 buckler (worn)
 p - a +0 plate armour
Jewellery
 d - a +6 ring of strength (left hand)
Wands
 m - a wand of flame (36)
Scrolls
 e - 3 scrolls of identify
 h - 3 scrolls of teleportation
 k - 2 scrolls of fear
 o - a scroll of fog {unknown}
 s - a scroll of vulnerability {unknown}
 t - a scroll of enchant weapon {unknown}
Potions
 f - 2 potions of curing {unknown}
 g - a potion of brilliance {unknown}
 i - a potion of flight {unknown}
 j - 2 potions of magic {unknown}
 l - 2 potions of heal wounds {unknown}
 n - a potion of haste {unknown}


   Skills:
 + Level 5.3 Fighting
 + Level 5.7 Long Blades
 + Level 0.1 Throwing
 + Level 6.1 Armour
 + Level 3.4 Dodging
 + Level 0.4 Stealth
 + Level 4.6 Shields
 + Level 1.2 Evocations


You had 6 spell levels left.
You didn't know any spells.
Your spell library contained the following spells:

 Spells                   Type           Power      Damage    Failure   Level
 Foxfire                  Conj/Fire      0%         2x1d4     73%         1
 Sandblast                Erth           0%         2d4       73%         1
 Passwall                 Tmut/Erth      0%         N/A       86%         2
 Conjure Flame            Conj/Fire      0%         6-21      97%         3
 Inner Flame              Hex/Fire       0%         N/A       97%         3
 Stone Arrow              Conj/Erth      0%         3d7       97%         3
 Flame Wave               Conj/Fire      0%         2d4       100%        4


Dungeon Overview and Level Annotations

Branches:
Dungeon (5/15)             Temple (0/1) D:4

Altars:
Cheibriados
Makhleb
Nemelex Xobeh
Ru
Vehumet
Xom

Shops:
D:2 [[*


Innate Abilities, Weirdness & Mutations

You have a pair of horns on your head.
You reflexively headbutt those who attack you in melee.


Message History

You hit the dart slug. You headbutt the dart slug.
You kill the dart slug!
The necrophage hits you but does no damage.
You closely miss the necrophage. You headbutt the necrophage!
The necrophage is heavily damaged.
The necrophage barely misses you. The necrophage hits you.
You feel drained.
You closely miss the necrophage. Your headbutt misses the necrophage.
The necrophage is heavily damaged.
The necrophage hits you but does no damage.
You barely miss the necrophage.
The necrophage is heavily damaged.
You block the necrophage's attack.
You barely miss the necrophage. You headbutt the necrophage.
The necrophage is severely damaged.
The necrophage hits you.
You feel drained.
You hit the necrophage but do no damage.
The necrophage is severely damaged.
The necrophage barely misses you.
You slash the necrophage!
You destroy the necrophage!
Your life force feels restored.
No target in view!
No target in view!
You see here a necrophage corpse.
You see here a jackal corpse.
You see here a scorpion corpse.
You see here a +0 long sword.
You see here a +0 long sword.
As you read the scroll labelled YTEEVOOKIW, it crumbles to dust.
It is a scroll of identify.
h - 3 scrolls of teleportation
As you read the scroll of identify, it crumbles to dust.
k - 2 scrolls of fear An acid dragon comes into view.
The acid dragon roars!
The acid dragon spits acid at you. The splash of acid hits you!!
The acid corrodes you! The acid dragon spits acid at you.
The splash of acid hits you!!
You die...

##........## #
#..........##.#
###..............
#.††..†......##
#........)....# ###
#.#....D......#
#.####............#
###..###...........##
###....#..@.............
#........................
#....<...................
##..##...................
###.......##...#........
#........# #..#...
.....#.....# ....
.....##....... ..# ##...
..##.....


You could see an acid dragon (catching breath).

Vanquished Creatures
  A necrophage (D:5)
  An ogre (D:4)
  A phantom (D:4)
  3 scorpions
  A centaur skeleton (D:4)
  2 iguanas (D:4)
  An orc wizard (D:4)
  The ghost of spaghetti the Sneak, a weakling DjDe (D:4)
  A hound skeleton (D:4)
  6 adders
  2 white imps (D:3)
  4 worms
  A dart slug (D:5)
  3 orcs
  7 ball pythons
  8 endoplasms
  3 giant cockroaches
  4 goblins
  5 hobgoblins
  7 jackals
  A quokka (D:2)
  5 bats
  5 frilled lizards
  9 kobolds
  A quokka skeleton (D:3)
  5 rats
88 creatures vanquished.

Vanquished Creatures (others)
  2 orc wizards (D:4)
2 creatures vanquished.

Grand Total: 90 creatures vanquished

Notes
Turn   | Place    | Note
-------+----------+-------------------------------------------
     0 | D:1      | ducksouse the Minotaur Fighter began the quest for the Orb.
     0 | D:1      | Reached XP level 1. HP: 19/19 MP: 0/0
   612 | D:1      | Reached XP level 2. HP: 27/27 MP: 1/1
   921 | D:2      | Reached skill level 4 in Armour
   996 | D:2      | Reached XP level 3. HP: 32/33 MP: 2/2
  1128 | D:2      | Found Kosulophi's General Store.
  1331 | D:2      | Found Qochetit's General Store.
  1341 | D:2      | Found Ewautaurgh's Antique Armour Boutique.
  1430 | D:2      | Reached XP level 4. HP: 40/40 MP: 3/3
  1435 | D:2      | Found Qaxeveorgh's Antique Armour Shoppe.
  1700 | D:3      | Found a faded altar of an unknown god.
  1719 | D:3      | Found a snail-covered altar of Cheibriados.
  1787 | D:3      | Found a sacrificial altar of Ru.
  2047 | D:3      | Found a sparkling altar of Nemelex Xobeh.
  2051 | D:3      | Found a shimmering altar of Xom.
  2462 | D:4      | Reached XP level 5. HP: 42/47 MP: 4/4
  2471 | D:4      | Found a staircase to the Ecumenical Temple.
  2611 | D:4      | Found a large runed translucent door.
  2612 | D:4      | Found a large runed translucent door.
  2614 | D:4      | Noticed spaghetti's ghost (weakling DjDe)
  2737 | D:4      | Reached skill level 5 in Armour
  2740 | D:4      | Found a radiant altar of Vehumet.
  2942 | D:4      | Noticed a phantom
  2954 | D:4      | Killed a phantom
  2955 | D:4      | Reached skill level 5 in Fighting
  2955 | D:4      | Reached skill level 1 in Dodging
  2955 | D:4      | Reached XP level 6. HP: 53/56 MP: 5/5
  3002 | D:4      | Reached skill level 5 in Long Blades
  3114 | D:4      | Found a burning altar of Makhleb.
  3467 | D:4      | Reached XP level 7. HP: 47/61 MP: 6/6
  3712 | D:4      | Killed spaghetti's ghost
  3713 | D:4      | Reached skill level 1 in Evocations
  3743 | D:5      | Entered Level 5 of the Dungeon
  3754 | D:5      | Reached skill level 6 in Armour
  3964 | D:5      | Killed from afar by an acid dragon

Illustrated notes

Levels and vault maps discovered:
D:1:      dpeg_arrival_round_b, layout_loops_ring
D:2:      layout_rooms, serial_shops, shop, shop, nicolae_square_shop, shop,
          minmay_surrounded
D:3:      layout_rooms, mainiacjoe_overflow_big_doors,
          chequers_temple_overflow_statue_of_worship,
          ebering_ecumenical_altar_box, kennysheep_small_spiral
D:4:      layout_loops_ring, vehumet_altar_wand_db, bloody_makhleb,
          minmay_temple_entry_tees, ebering_ghost_disaster_area, feat_on_display
D:5:      layout_cave_pools, serial_glass, glass_columns_a, glass_columns_b,
          glass_columns_c, glass_columns_b, glass_columns_c, glass_columns_a,
          item_on_display_a, item_on_display_a, feat_on_display,
          feat_on_display, uniq_eustachio

Skill      XL: |  1  2  3  4  5  6  7 |
---------------+----------------------+-----
Fighting       | 4 5 |  5.3
Armour         | 4 5 6 |  6.1
Shields        | 4 |  4.6
Long Blades    | 3 4 5 |  5.7
Dodging        | 1 2 3 |  3.4
Evocations     | 1 |  1.2
Throwing       | |  0.1
Stealth        | |  0.4

Action                   |  1- 3 |  4- 6 |  7- 9 || total
-------------------------+-------+-------+-------++-------
Melee: Long sword        |    92 |   113 |    36 ||   241
       Headbutt          |    14 |    28 |     9 ||    51
Throw: Boomerang         |       |     1 |       ||     1
Evoke: Wand              |       |     7 |       ||     7
  Use: Potion            |       |     1 |       ||     1
       Scroll            |       |       |     2 ||     2
Armor: Scale mail        |    35 |    42 |    17 ||    94
Dodge: Dodged            |    53 |    61 |    20 ||   134
Block: Buckler           |    20 |    16 |    12 ||    48

Table legend: (Time is in decaauts)
 A = Elapsed time spent in this place.
 B = Non-inter-level travel time spent in this place.
 C = Inter-level travel time spent in this place.
 D = Time resting spent in this place.
 E = Time spent auto-exploring this place.
 F = Levels seen in this place.
 G = Mean time per level.
                   A        B        C        D        E       F      G
               +--------+--------+--------+--------+--------+-----+--------+
         Total |   4011 |   3712 |    299 |    466 |   2505 |   5 |  802.2 |
       Dungeon |   4011 |   3712 |    299 |    466 |   2505 |   5 |  802.2 |
               +--------+--------+--------+--------+--------+-----+--------+

Top non-repeatable levels by time:
     D:4: 1346 daAuts
     D:1: 922 daAuts
     D:3: 797 daAuts
     D:2: 721 daAuts
     D:5: 223 daAuts
